 Dungeon Crawl Stone Soup version 0.28.0-43-g3370ac3207 (webtiles) character file.

Game seed: 243100577985051768

746 DaikonDestroyer the Skirmisher (level 7, 0/57 (63) HPs)
             Began as a Hill Orc Berserker on Mar 29, 2022.
             Was a Believer of Trog.
             Slain by a goblin
             ... wielding a +0 dagger of draining
              (3 damage)
             ... on level 4 of the Dungeon.
             The game lasted 00:23:57 (4399 turns).

DaikonDestroyer the Skirmisher (Hill Orc Berserker) Turns: 4399, Time: 00:23:58

HP:   0/57 (63)     AC:  6    Str: 22    XL:     7   Next: 77%
MP:   7/7           EV:  8    Int:  7    God:    Trog [**....]
Gold: 48            SH:  0    Dex: 10    Spells: 6/6 levels left

rFire   . . .      SeeInvis .   y - +0 war axe
rCold   . . .      Faith    .   (no shield)
rNeg    . . .      Spirit   .   n - +1 chain mail
rPois   .          Reflect  .   (no helmet)
rElec   .          Harm     .   (no cloak)
rCorr   .          Rampage  .   (no gloves)
Will    .....                   (no boots)
Stlth   ..........              (no amulet)
HPRegen 0.19/turn               (no ring)
MPRegen 0.10/turn               (no ring)

@: corroded, on berserk cooldown, slowed, drained, very slow
A: no striking features
a: Renounce Religion, Berserk, Trog's Hand


You were on level 4 of the Dungeon.
You worshipped Trog.
Trog was pleased with you.
You visited 1 branch of the dungeon, and saw 4 of its levels.

You collected 153 gold pieces.
You spent 105 gold pieces at shops.

Inventory:

Hand Weapons
 a - a +0 hand axe
 c - a +0 short sword
 d - a +0 short sword
 e - a +0 spear
 f - a +0 club
 h - a +0 whip
 l - a +0 rapier
 p - a +0 club
 w - a +0 dagger of holy wrath
 y - a +0 war axe (weapon)
Missiles
 j - 3 curare-tipped darts
 o - 6 boomerangs (quivered)
Armour
 b - a +0 animal skin
 m - a scarf of harm
 n - a +1 chain mail (worn)
 q - a +0 robe
 x - a +0 ring mail
Scrolls
 g - a scroll of enchant armour
 k - 2 scrolls of identify
 r - a scroll of amnesia
 s - 7 scrolls of teleportation
 u - 3 scrolls of holy word {unknown}
 v - a scroll of fog {unknown}
 A - a scroll of fear {unknown}
Potions
 i - 2 potions of resistance {unknown}
 z - a potion of mutation {unknown}


   Skills:
 + Level 6.1 Fighting
 + Level 4.1 Short Blades
 + Level 5.6 Axes
 + Level 1.2 Throwing
 + Level 4.1 Armour
 + Level 2.5 Dodging
 + Level 1.3 Stealth


You had 6 spell levels left.
You didn't know any spells.
Your spell library contained the following spells:

 Spells                   Type           Power      Damage    Failure   Level
 Animate Skeleton         Necr           0%         N/A       98%         1
 Apportation              Tloc           0%         N/A       98%         1
 Summon Small Mammal      Summ           0%         N/A       98%         1
 Gell's Gravitas          Tloc           0%         N/A       100%        3
 Lesser Beckoning         Tloc           0%         N/A       100%        3
 Teleport Other           Tloc           0%         N/A       100%        3


Dungeon Overview and Level Annotations

Branches:
Dungeon (4/15)
 Temple: D:4-7

Altars:

Shops:
D:4 ?

Annotations:
D:4 Pikel


Message History

The lemure barely misses you.
You slash the lemure!
You kill the lemure!
That felt strangely unrewarding.
The goblin shoots a sling bullet.
The sling bullet hits you but does no damage.
The goblin shoots a sling bullet.
The sling bullet closely misses you.
You feel a strong urge to attack something.
You are no longer berserk.
You are exhausted.
You feel yourself slow down.
The lemure shouts!
You hit the goblin but do no damage.
The goblin unwields a +0 hunting sling.
The goblin wields a +0 dagger of draining.
You sense an unholy aura.
The goblin hits you but does no damage.
You feel drained. The goblin barely misses you.
You closely miss the goblin.
Pikel hits you with a +2 whip of electrocution!
The goblin hits you but does no damage.
You feel drained.
The hobgoblin zaps a wand.
The bolt of acid hits you. The acid corrodes you! The lemure hits you.
Pikel barely misses you. The goblin hits you but does no damage.
You feel drained. The hobgoblin hits you. The lemure hits you.
You barely miss Pikel. You barely miss the hobgoblin.
You hit the lemure but do no damage. You closely miss the goblin.
Pikel closely misses you. The goblin hits you but does no damage.
You feel drained.
The hobgoblin hits you but does no damage.
The lemure closely misses you. Pikel closely misses you.
The goblin hits you with a +0 dagger of draining.
You feel drained. The hobgoblin completely misses you.
The lemure barely misses you.
You barely miss Pikel. You hit the goblin but do no damage.
You hit the lemure but do no damage. You slash the hobgoblin!
You kill the hobgoblin!
Trog accepts your kill.
Pikel hits you with a +2 whip of electrocution!
You are electrocuted!
* * * LOW HITPOINT WARNING * * *
The goblin hits you with a +0 dagger of draining.
You die...

,**,,,**#.,#.## *,**,*
*,,,,,, ......#
#..#..##***,,,,* *,*****
......###..#....,,,,,,,* *,*
................,,,,***** *,*
......###..#..#****,,,,,* *,*
#.............#####,#**,* *,*
##.........#......#.###.***,*
##....###.##...gK.......,,*,*
#...............@/......*,*,*
#.........##..###5######*,*,*
....................,,,,,,*,*
......####.#..###.....,,,,,,*
......#**#......,#...#.#*,*,*
................,,...#,#*,*,*
.....#####.###...,...#,**,*,*
..#..# #.# *.......#,**,*,*
....>#****,* *,,,,,,,*,,,,,,*


You could see Pikel, a lemure and a goblin.

Vanquished Creatures
  A hornet (D:4)
  The ghost of Kaptain the Digger, an amateur GrEE (D:3)
  A necrophage (D:4)
  3 lemures (D:4)
  A jelly (D:3)
  An orc priest (D:4)
  Jessica (D:2)
  Natasha (thrice) (D:2)
  2 orc wizards (D:3)
  A howler monkey zombie (D:4)
  2 adders
  2 river rats (D:3)
  A shadow imp (D:4)
  4 worms
  4 dart slugs
  10 orcs
  3 ball pythons
  5 endoplasms
  4 giant cockroaches
  4 goblins
  4 hobgoblins
  8 kobolds
  4 quokkas
  2 bats
  3 frilled lizards
  7 rats
82 creatures vanquished.

Vanquished Creatures (collateral kills)
  A giant cockroach (D:4)
1 creature vanquished.

Grand Total: 83 creatures vanquished

Notes
Turn   | Place    | Note
-------+----------+-------------------------------------------
     0 | D:1      | DaikonDestroyer the Hill Orc Berserker began the quest for
                  | the Orb.
     0 | D:1      | Reached XP level 1. HP: 19/19 MP: 1/1
   248 | D:1      | Reached XP level 2. HP: 27/27 MP: 2/2
   292 | D:1      | Reached skill level 4 in Fighting
   590 | D:1      | Reached XP level 3. HP: 28/33 MP: 3/3
   602 | D:1      | Reached ** piety under Trog
  1683 | D:2      | Noticed Natasha
  1689 | D:2      | Killed Natasha
  1690 | D:2      | Reached XP level 4. HP: 36/41 MP: 4/4
  1692 | D:2      | Noticed Natasha
  1700 | D:2      | Killed Natasha
  1701 | D:2      | Reached skill level 5 in Axes
  1750 | D:2      | Noticed Natasha
  1768 | D:2      | Killed Natasha
  1769 | D:2      | Reached skill level 1 in Short Blades
  1769 | D:2      | Reached XP level 5. HP: 30/47 MP: 5/5
  2106 | D:2      | Noticed Jessica
  2132 | D:2      | Killed Jessica
  2458 | D:3      | Found a runed translucent door.
  2461 | D:3      | Noticed Kaptain's ghost (amateur GrEE)
  2473 | D:3      | Reached skill level 5 in Fighting
  2497 | D:3      | Killed Kaptain's ghost
  2498 | D:3      | Reached XP level 6. HP: 45/56 MP: 6/6
  2639 | D:3      | Found a runed translucent door.
  2864 | D:3      | Reached skill level 1 in Stealth
  2945 | D:3      | Found a faded altar of an unknown god.
  2979 | D:3      | Reached skill level 1 in Throwing
  3717 | D:4      | Reached XP level 7. HP: 40/62 MP: 7/7
  3817 | D:4      | Found Bad Ynn's Magic Scroll Emporium.
  3829 | D:4      | Bought a scroll of teleportation for 30 gold pieces
  3829 | D:4      | Bought a scroll of enchant armour for 75 gold pieces
  3920 | D:4      | Noticed a hornet
  3925 | D:4      | Paralysed by a hornet for 2 turns
  3931 | D:4      | Killed a hornet
  3932 | D:4      | Reached skill level 6 in Fighting
  4388 | D:4      | Noticed Pikel
  4399 | D:4      | Slain by a goblin

Illustrated notes

Levels and vault maps discovered:
D:1:      dpeg_cavernosity, layout_basic
D:2:      layout_loops_ring, uniq_jessica, uniq_natasha
D:3:      layout_loops_ring, hellmonk_ecumenical_altar_blasted,
          ebering_ghost_sewer_f
D:4:      layout_basic, serial_shops, shop_fountains, uniq_pikel

Skill      XL: |  1  2  3  4  5  6  7 |
---------------+----------------------+-----
Fighting       | 4 5 6 |  6.1
Dodging        | 2 |  2.5
Axes           | 5 |  5.6
Short Blades   | 1 2 3 4 |  4.1
Stealth        | 1 |  1.3
Throwing       | 1 |  1.2
Armour         | 3 4 |  4.1

Action                   |  1- 3 |  4- 6 |  7- 9 || total
-------------------------+-------+-------+-------++-------
Melee: Hand axe          |    67 |       |       ||    67
       Punch             |     1 |     1 |       ||     2
       Rapier            |    24 |   118 |       ||   142
       War axe           |       |       |    47 ||    47
Throw: Boomerang         |       |    18 |       ||    18
Invok: Berserk           |     1 |     4 |     2 ||     7
       Trog's Hand       |     1 |     2 |       ||     3
  Use: Scroll            |     1 |       |     4 ||     5
       Potion            |     1 |     3 |       ||     4
Armor: Animal skin       |    18 |       |       ||    18
       Chain mail        |     6 |    55 |    41 ||   102
       Skin              |       |    24 |       ||    24
Dodge: Dodged            |    58 |    33 |    25 ||   116
